Map: Tokamak LE

Players

Darkman

  • Race: Protoss Protoss
  • League: Master
  • Spawn Location: 7:00

ManlyManMeat - Winner!

  • Race: Zerg Zerg
  • League: Diamond
  • Spawn Location: 1:00

VOD

Have the link to the VOD?

Description

Time

  • Played on: July 1, 2025, 8:23 a.m.
  • Length: 7:41
Show
View Real Time Build Order
Export as new Build Order

Darkman Protoss 

Build Orders: 1 Gate Expand, Double Forge, Colossus Rush 

Get SALT Encoding   

  12  0:00  Probe  
  13  0:14  Probe  
  14  0:26  Pylon, Probe  
  15  0:43  Probe  
  15  0:45  Gateway  
  16  0:51  Probe  
  16  0:56  Assimilator  
  17  0:59  Probe  
  18  1:10  Probe  
  19  1:22  Probe  
  20  1:37  Cybernetics Core  
  20  1:40  Nexus  
  20  1:42  Probe  
  21  1:50  Pylon  
  21  1:54  Probe  
  21  2:00  Assimilator  
  22  2:05  Warp Gate  
  22  2:06  Probe  
  23  2:13  Stalker  
  23  2:18  Probe  
  26  2:30  Probe  
  26  2:32  Robotics Facility  
  26  2:43  Probe  
  27  2:44  Stalker  
  27  2:48  Probe  
  27  2:51  Probe  
  29  2:56  Probe  
  31  2:59  Probe  
  33  3:06  Forge, Probe  
  33  3:12  Probe  
  34  3:18  Probe  
  36  3:20  Observer  
  36  3:24  Probe  
  38  3:30  Probe  
  39  3:37  Probe  
  39  3:38  Forge  
  40  3:41  Pylon  
  40  3:43  Probe  
  40  3:46  Immortal  
  45  3:49  Probe  
  46  3:59  Probe, Protoss Ground Weapons Level 1  
  46  4:00  Pylon  
  46  4:01  Probe  
  48  4:09  Robotics Bay  
  48  4:12  Probe  
  48  4:13  Probe  
  50  4:18  Assimilator  
  50  4:20  Assimilator  
  50  4:24  Probe  
  51  4:25  Probe  
  50  4:32  Stalker  
  48  4:39  Pylon  
  46  4:58  Extended Thermal Lance  
  46  5:09  Probe x2  
  48  5:14  Colossus  
  54  5:21  Probe x2  
  54  5:22  Protoss Ground Armor Level 1  
  56  5:38  Gateway  
  56  5:40  Gateway, Probe x2  
  56  5:42  Pylon  
  56  5:48  Probe x2  
  58  5:56  Twilight Council  
  60  5:57  Probe  
  61  6:09  Probe  
  61  6:10  Colossus  
  68  6:18  Nexus  
  68  6:34  Zealot x2  
  72  6:50  Gateway  
  72  6:52  Gateway  
  72  6:55  Pylon  
  72  6:58  Pylon  
  72  7:01  Pylon  
Show
View Real Time Build Order
Export as new Build Order

ManlyManMeat Zerg - Winner!

Build Orders: Hatch First 

Get SALT Encoding   

  12  0:00  Drone  
  13  0:08  Drone  
  14  0:14  Extractor  
  14  0:16  Drone  
  15  0:21  Overlord  
  15  0:41  Drone  
  16  0:46  Hatchery  
  15  0:50  Drone  
  15  0:53  Drone  
  17  0:58  Drone  
  18  1:08  Extractor  
  17  1:12  Spawning Pool  
  17  1:16  Drone  
  17  1:20  Drone  
  18  1:31  Drone  
  19  1:38  Drone  
  20  2:00  Queen x2  
  20  2:01  Zergling x4  
  26  2:05  Overlord  
  26  2:12  Drone x2  
  28  2:18  Metabolic Boost  
  28  2:27  Drone x2  
  30  2:39  Hatchery  
  29  2:44  Drone x2  
  29  2:48  Drone x2  
  33  2:52  Drone  
  33  2:53  Drone  
  35  3:05  Overlord x2  
  35  3:13  Drone  
  36  3:20  Extractor  
  36  3:22  Queen  
  36  3:24  Queen  
  39  3:32  Drone x3  
  39  3:34  Drone x2  
  43  3:37  Drone  
  45  3:42  Drone x3  
  45  3:43  Baneling Nest  
  45  3:44  Drone  
  48  3:54  Zergling x6  
  51  4:04  Queen  
  51  4:06  Drone x4, Overlord  
  57  4:28  Drone x2  
  57  4:29  Drone x3, Overlord  
  62  4:34  Lair  
  62  4:37  Evolution Chamber  
  62  4:38  Evolution Chamber  
  57  4:50  Drone x3  
  58  5:02  Zergling x12  
  58  5:03  Zergling x4  
  66  5:13  Overlord x4  
  66  5:23  Hatchery  
  65  5:30  Hatchery  
  65  5:31  Zerg Melee Weapons Level 1, Zerg Ground Armor Level 1  
  65  5:32  Centrifugal Hooks  
  64  5:40  Drone, Hydralisk Den  
  64  5:41  Drone x4  
  64  5:42  Drone  
  69  5:45  Drone x3, Extractor x2  
  69  5:46  Drone x2, Extractor x2  
  69  5:47  Drone  
  71  5:51  Zergling x6  
  74  5:58  Baneling x4  
  74  5:59  Zergling x8  
  78  6:09  Baneling x5  
  78  6:10  Zergling x10  
  83  6:16  Spore Crawler x2  
  81  6:18  Drone, Spore Crawler  
  81  6:19  Drone x2  
  83  6:27  Zergling x10  
  88  6:41  Drone x2  
  88  6:42  Drone x2  
  88  6:43  Hydralisk x3  
  98  6:51  Drone x2  
  98  6:52  Drone  
  101  6:56  Hydralisk x3  
  107  7:07  Baneling x6  
  107  7:15  Zergling x6  
  110  7:16  Overlord x3  
Tags
 
Add a new tag
Caveats
  • Supply blocks, unpowered buildings, or Contaminate may cause inaccurate times.
  • Supply counts are checked every 10 seconds.